 Dungeon Crawl Stone Soup version 0.13-a0-1614-gd69a504 (webtiles) character file.

165 IAMA the Chiller (level 4, -1/27 HPs)
             Began as an Octopode Ice Elementalist on June 15, 2013.
             Killed from afar by an orc wizard (7 damage)
             ... with a magic dart
             ... on Level 3 of the Dungeon.
             The game lasted 00:05:31 (2171 turns).

IAMA the Chiller (Octopode Ice Elementalist)        Turns: 2171, Time: 00:05:31

HP  -1/27        AC  1     Str  7      XL: 4   Next: 49%
MP   6/7         EV 12     Int 18      God:
Gold 79          SH  0     Dex 12      Spells:  2 memorised,  2 levels left

Res.Fire  : . . .   See Invis. : .   g - +3,+1 dwarf dagger
Res.Cold  : . . .   Warding    : .   (no shield)
Life Prot.: . . .   Conserve   : .   (helmet restricted)
Res.Poison: .       Res.Corr.  : .   (no amulet)
Res.Elec. : .       Clarity    : .   (no ring)
Sust.Abil.: . .     Spirit.Shd : .   (no ring)
Res.Mut.  : .       Stasis     : .   (no ring)
Res.Rott. : .       Flight     : .   (no ring)
Saprovore : . . .                    (no ring)
                                     (no ring)
                                     (no ring)
                                     (no ring)

@: slowed, very slow, slightly resistant to hostile enchantments, quite stealthy
A: almost no armour, amphibious, 8 rings, constrict 8, camouflage 1, AC +1
a: no special abilities


You were on level 3 of the Dungeon.
You were not hungry.

You visited 1 branch of the dungeon, and saw 3 of its levels.

You collected 59 gold pieces.

Inventory:

Hand weapons
 g - a +3,+1 dwarven dagger (weapon)
Armour
 h - a +1 shield
Magical devices
 e - a wand of slowing (9)
Comestibles
 c - 4 bread rations
 f - a chunk of rat flesh
 k - a chunk of giant gecko flesh
 o - a chunk of adder flesh
 p - a meat ration
 q - a chunk of giant gecko flesh
Scrolls
 n - a scroll of blinking
Potions
 a - a potion of might
 d - a potion of agility
 j - a potion of resistance {unknown}
 l - a potion of restore abilities {unknown}
 m - a potion of magic
Books
 b - a book of Frost

   Spells                             Type                      Level
   *Freeze                            Ice                          1
   *Throw Frost                       Conjuration/Ice              2
   Ozocubu's Armour                   Charms/Ice                   3
   Throw Icicle                       Conjuration/Ice              4
   Summon Ice Beast                   Ice/Summoning                4
   Condensation Shield                Ice                          4


   Skills:
 - Level 2.0 Dodging
 - Level 2.6 Stealth
 + Level 1.2 Spellcasting
 - Level 1.0 Conjurations
 - Level 5.0 Ice Magic


You had 2 spell levels left.
You knew the following spells:

 Your Spells              Type           Power        Failure   Level  Hunger
a - Freeze                Ice            ###.         2%          1    ##.....
b - Throw Frost           Conj/Ice       ##....       12%         2    ###....


Dungeon Overview and Level Annotations

Branches:
Dungeon (3/27)

Altars:
Nemelex Xobeh


Innate Abilities, Weirdness & Mutations

You cannot wear most types of armour.
You are amphibious.
You can wear up to eight rings at the same time.
You can use your tentacles to constrict many enemies at once.
Your skin changes colour to match your surroundings (Stlth).
Your rubbery body absorbs attacks (AC +1).


Message History

Unknown command.
Drink which item? (? for menu, Esc to quit)
Magic courses through your body.
It was a potion of magic.
The ball python closely misses you.
* * * LOW HITPOINT WARNING * * *
The ball python constricts you. The ball python bites you.
* * * LOW HITPOINT WARNING * * *
The ball python constricts you.
Drink which item? (? for menu, Esc to quit)
Okay, then.
Casting: Freeze
Confirm with . or Enter, or press ? or * to list all spells.
Aiming: Freeze
Press: ? - help, Shift-Dir - straight line, f - ball python, p - orc
Aim: a ball python (constricting you)
You freeze the ball python.
You kill the ball python!
The orc wizard casts a spell at you. The magic dart hits you!
You die...

. ..# ... ..# #.. ..# #..
#.### #.# #...# #.# #...#
#.#####...#
...####.##....#############
...........%%.oo@..<........
...####.##..oo##...########
#....#...#...# #
#....#...#..[#
#..S.###....#...#...#
#...oS...####...#####
..oo............#
#####...######## #...#


You could see an orc wizard and 3 orcs.

Vanquished Creatures
  5 adders (D:2)
  4 giant geckos
  An ooze (D:2)
  7 bats
  2 goblins
  6 hobgoblins
  A ball python (D:3)
  3 jackals (D:2)
  A kobold (D:2)
  6 rats
36 creatures vanquished.

Vanquished Creatures (others)
  A giant newt (D:2)
1 creature vanquished.

Grand Total: 37 creatures vanquished

Notes
Turn   | Place    | Note
--------------------------------------------------------------
     0 | D:1      | IAMA, the Octopode Ice Elementalist, began the quest for the Orb.
     0 | D:1      | Reached XP level 1. HP: 11/11 MP: 3/3
   669 | D:1      | Reached XP level 2. HP: 17/17 MP: 1/4
   833 | D:1      | Learned a level 2 spell: Throw Frost
  1269 | D:2      | Reached skill level 4 in Ice Magic
  1269 | D:2      | Reached XP level 3. HP: 18/21 MP: 2/5
  1314 | D:2      | Found a sparkling altar of Nemelex Xobeh.
  1750 | D:2      | Reached XP level 4. HP: 25/27 MP: 4/7
  1964 | D:2      | Reached skill level 5 in Ice Magic
  2171 | D:3      | Killed from afar by an orc wizard

Action                   |  1- 3 |  4- 6 || total
-------------------------+-------+-------++-------
Melee: Unarmed           |     1 |       ||     1
       Dagger            |    23 |     6 ||    29
 Cast: Freeze            |    36 |    10 ||    46
Evoke: Wand              |       |     1 ||     1
  Use: Scroll            |     3 |     4 ||     7
       Potion            |       |     1 ||     1
 Stab: Distracted        |       |     1 ||     1
